 Dungeon Sprint DCSS version 0.29.1-12-g30fa7ad0bf (webtiles) character file.

Game seed: 10292435138719568349

22523 Groucho the Spry (level 12, -17/63 HPs)
             Began as a Spriggan Enchanter on Dec 24, 2022.
             Was the Champion of Dithmenos.
             Killed from afar by a titan (32 damage)
             ... with a bolt of lightning
             ... in the Dungeon (Sprint VII: "The Pits").
             The game lasted 00:19:55 (8380 turns).

Groucho the Spry (Spriggan Enchanter)               Turns: 8380, Time: 00:19:55

Health: -17/63     AC: 10    Str:  8    XL:     12   Next: 63%
Magic:  32/32      EV: 31    Int: 17    God:    Dithmenos [******]
Gold:   62         SH:  0    Dex: 16    Spells: 23/42 levels left

rFire   . . .      SeeInvis +   m - +2 dagger (venom)
rCold   . . .      Faith    .   (no shield)
rNeg    . . .      Spirit   .   t - +0 steam dragon scales
rPois   +          Reflect  .   (helmet restricted)
rElec   .          Harm     .   o - +2 cloak {rCorr}
rCorr   +          Rampage  .   (gloves unavailable)
Will    ++...      NoTele   +   (boots unavailable) Stlth *+++++++++
                                (no amulet)
HPRegen 0.20/turn               p - +3 ring of evasion
MPRegen 0.23/turn               v - ring of poison resistance

@: mighty, on berserk cooldown, slowed, wreathed by umbra, quick
A: very small, no large weapons, unfitting armour, see invisible, speed 3,
iridescent scales 1
a: Renounce Religion, Shadow Step, Shadow Form


You were in the Dungeon.
You worshipped Dithmenos.
Dithmenos was exalted by your worship.
You visited 1 branch You collected 62 gold pieces.

Inventory:

Hand Weapons
 a - a +2 dagger
 m - a +2 dagger of venom (weapon)
Missiles
 l - 16 stones (quivered)
Armour
 o - a +2 cloak of preservation (worn)
 t - +0 steam dragon scales (worn)
 x - the +2 robe of Action {rN+ Dex+4}
   (You found it in the Dungeon)

   Dex:       It affects your dexterity (+4).
   rN:        It protects you from negative energy.
Jewellery
 p - a +3 ring of evasion (left hand)
 q - a +3 ring of protection
 v - a ring of poison resistance (right hand)
 B - a ring of willpower
Wands
 n - a wand of polymorph (9)
 A - a wand of iceblast (6)
Scrolls
 b - a scroll of magic mapping
 i - 4 scrolls of blinking
 j - 5 scrolls of amnesia
 k - a scroll of summoning
 u - 4 scrolls of identify
 y - 2 scrolls of butterflies
 z - a scroll of fear
Potions
 c - 3 potions of invisibility
 d - 12 potions of curing
 e - 6 potions of heal wounds
 f - 2 potions of haste
 g - 4 potions of magic
 h - 2 potions of berserk rage
 r - a potion of might
 s - 2 potions of mutation
 w - a potion of ambrosia


   Skills:
 - Level 7.0 Fighting
 + Level 13.6 Short Blades
 + Level 16.1 Dodging
 - Level 15.2 Stealth
 + Level 15.9 Spellcasting
 * Level 13.6 Conjurations
 - Level 15.0 Hexes
 * Level 7.1 Earth Magic


You had 23 spell levels left.
You knew the following spells:

 Your Spells              Type           Power      Damage    Failure   Level
a - Ensorcelled Hibernat  Hex/Ice        78%        N/A       1%          2
b - Confusing Touch       Hex            59%        N/A       1%          3
c - Dazzling Flash        Conj/Hex       100%       N/A       1%          3
d - Tukima's Dance        Hex            59%        N/A       1%          3
e - Magic Dart            Conj           100%       1d8       1%          1
f - Hailstorm             Conj/Ice       36%        3d9       2%          4
g - Frozen Ramparts       Ice            26%        1d4       14%         3

Your spell library contained the following spells:

 Spells                   Type           Power      Damage    Failure   Level
 Mephitic Cloud           Conj/Pois/Air  28%        N/A       2%          3
 Freeze                   Ice            52%        1d7       4%          1
 Call Imp                 Summ           13%        N/A       7%          2


Dungeon Overview and Level Annotations

Branches:
Dungeon (1/1)

Altars:
Ashenzari
Cheibriados
Dithmenos
Elyvilon
Fedhas
Gozag
Hepliaklqana
Kikubaaqudgha
Makhleb
Nemelex Xobeh
Okawaru
Qazlal
Ru
Sif Muna
Trog
Uskayaw
Vehumet
Wu Jian
Xom
Yredelemnul
Zin
The Shining One
Jiyva
Lugonu


Innate Abilities, Weirdness & Mutations

You are very small and have problems with some larger weapons.
You are too small for most types of armour.
You have supernaturally acute eyesight. (SInv)
You cover ground extremely quickly. (Speed+++)
You are partially covered in iridescent scales. (AC +2)


Message History

You feel yourself moving faster!
You feel mighty!
Your hands stop glowing.
You feel a strong urge to attack something.
You hit the titan but do no damage.
The titan is poisoned.
You hit the titan.
The titan looks as sick as possible!
The titan is lightly wounded.
The titan gestures at you while chanting.
The bolt of lightning hits you!!!
* * * LOW HITPOINT WARNING * * *
You emit a cloud of dark smoke.
You are too injured to fight recklessly!
You are too injured to fight recklessly!
You are too injured to fight recklessly!
You are too berserk!
You are too berserk!
You feel a strong urge to attack something.
You puncture the titan!
The titan looks as sick as possible!
The titan is lightly wounded.
Your shadow hits the titan with a dagger.
The titan closely misses you.
You hit the titan.
The titan looks as sick as possible!
The titan is moderately wounded.
You hit the titan.
The titan looks as sick as possible!
The titan is moderately wounded.
Unknown command.
Unknown command.
You are no longer berserk.
You are exhausted.
You feel yourself slow down.
You see here a +0 dagger.
You puncture the titan!
The titan looks as sick as possible!
You punch the titan.
The titan is moderately wounded.
You hit the titan but do no damage.
The titan is heavily wounded.
The titan completely misses you.
The titan gestures at you while chanting.
The bolt of lightning hits you!!
Ouch! That really hurt!
You die...

#..##### #§§# #§§#
#####++########## #§§#
............##..# #§§#
..#..#......##..# #C§#
............''..# #§§#
............')..##########..#
..#..#......##.§@§C§§§§.....#
......).....##..§§§§§§§§....#
#####''######################
...##''################ #### ####
...##..#..............###..##....
...##..##.....)).......#.)##.#.#.
...##..####...#)######...##......
...##..#..#####.##..)##'##.#.#.#.
...##..#....##...#...#...#.......


You could see a titan (extremely poisoned).

Vanquished Creatures
  A deep elf blademaster (D)
  A nagaraja (D)
  An orc warlord (D)
  A vault guard (D)
  A rakshasa (D)
  A hydra (D)
  A death yak (D)
  An alligator snapping turtle (D)
  A sun demon (D)
  A flayed ghost (D)
  2 phantasmal warriors (D)
  13 orc knights (D)
  2 deep elf pyromancers (D)
  3 cyclopes (D)
  Maurice (D)
  A smoke demon (D)
  A molten gargoyle (D)
  An efreet (D)
  2 komodo dragons (D)
  A freezing wraith (D)
  A kobold demonologist (D)
  An ice devil (D)
  2 polar bears (D)
  A hornet (D)
  A tyrant leech (D)
  Grinder (D)
  A small abomination (D)
  4 dream sheep (D)
  A flying skull (D)
  A spriggan (D)
  A ynoxinul (D)
  A vampire (D)
  A fire bat (D)
  2 vampire mosquitoes (D)
  A neqoxec (D)
  A steam dragon (D)
  A warg (D)
  An acid dragon (D)
  3 orc warriors (D)
  An ogre (D)
  A wolf (D)
  A phantom (D)
  A bullfrog (D)
  A gnoll sergeant (D)
  A scorpion (D)
  2 crimson imps (D)
  A quasit (D)
  4 orc priests (D)
  A gnoll bouda (D)
  3 iron imps (D)
  4 orc wizards (D)
  A hell rat (D)
  10 gnolls (D)
  An adder (D)
  A river rat (D)
  2 ufetubi (D)
  An adder simulacrum (D)
  9 orcs (D)
  2 bats (D)
  An endoplasm (D)
  A giant cockroach (D)
  A goblin (D)
  3 quokkas (D)
  8 kobolds (D)
125 creatures vanquished.

Vanquished Creatures (others)
  A spriggan (D)
1 creature vanquished.

Grand Total: 126 creatures vanquished

Notes
Turn   | Place    | Note
-------+----------+-------------------------------------------
     0 | D        | Groucho the Spriggan Enchanter began the quest for the Orb.
     0 | D        | Reached XP level 1. HP: 9/9 MP: 5/5
    16 | D        | Reached skill level 5 in Stealth
   235 | D        | Found a bloodstained altar of Trog.
   235 | D        | Found a shimmering blue altar of Sif Muna.
   235 | D        | Found a viscous altar of Jiyva.
   235 | D        | Found a hazy altar of Hepliaklqana.
   235 | D        | Found an opulent altar of Gozag.
   236 | D        | Found a glowing golden altar of the Shining One.
   236 | D        | Found a glowing silver altar of Zin.
   236 | D        | Found a basalt altar of Yredelemnul.
   236 | D        | Found a shimmering altar of Xom.
   236 | D        | Found an ornate altar of the Wu Jian Council.
   236 | D        | Found a sacrificial altar of Ru.
   236 | D        | Found a stormy altar of Qazlal.
   236 | D        | Found an iron altar of Okawaru.
   236 | D        | Found a sparkling altar of Nemelex Xobeh.
   236 | D        | Found a burning altar of Makhleb.
   236 | D        | Found a blossoming altar of Fedhas.
   236 | D        | Found a white marble altar of Elyvilon.
   236 | D        | Found a shadowy altar of Dithmenos.
   236 | D        | Found a snail-covered altar of Cheibriados.
   237 | D        | Found a radiant altar of Vehumet.
   237 | D        | Found a corrupted altar of Lugonu.
   238 | D        | Found a hide-covered altar of Uskayaw.
   238 | D        | Found an ancient bone altar of Kikubaaqudgha.
   238 | D        | Found a broken altar of Ashenzari.
   244 | D        | Became a worshipper of Dithmenos the Shadowed
   264 | D        | Reached XP level 2. HP: 13/13 MP: 5/7
   267 | D        | Learned a level 2 spell: Ensorcelled Hibernation
   277 | D        | Reached * piety under Dithmenos
   565 | D        | Reached ** piety under Dithmenos
  1073 | D        | Noticed a wolf
  1073 | D        | Noticed a scorpion
  1089 | D        | Killed a wolf
  1090 | D        | Reached skill level 10 in Stealth
  1090 | D        | Reached skill level 5 in Spellcasting
  1090 | D        | Reached XP level 3. HP: 16/16 MP: 2/11
  1090 | D        | Reached XP level 4. HP: 21/21 MP: 2/12
  1091 | D        | Killed a scorpion
  1091 | D        | Reached *** piety under Dithmenos
  1092 | D        | Reached XP level 5. HP: 24/24 MP: 0/15
  1103 | D        | Learned a level 3 spell: Confusing Touch
  1107 | D        | Learned a level 3 spell: Dazzling Flash
  1111 | D        | Learned a level 3 spell: Tukima's Dance
  1282 | D        | Reached skill level 3 in Dodging
  1288 | D        | Reached skill level 1 in Conjurations
  1292 | D        | Reached skill level 1 in Fighting
  1293 | D        | Reached **** piety under Dithmenos
  1571 | D        | Reached ***** piety under Dithmenos
  1572 | D        | Reached skill level 4 in Dodging
  1572 | D        | Reached XP level 6. HP: 30/30 MP: 7/17
  1583 | D        | Noticed Maurice
  1585 | D        | Killed Maurice
  1586 | D        | Reached skill level 6 in Dodging
  1586 | D        | Reached XP level 7. HP: 36/36 MP: 9/19
  1599 | D        | Reached skill level 15 in Stealth
  1955 | D        | Noticed an alligator snapping turtle
  1956 | D        | Noticed a death yak
  1959 | D        | Killed a death yak
  1960 | D        | Reached skill level 5 in Short Blades
  1960 | D        | Reached skill level 7 in Dodging
  1960 | D        | Reached skill level 5 in Conjurations
  1960 | D        | Reached XP level 8. HP: 42/42 MP: 22/22
  2057 | D        | Killed an alligator snapping turtle
  2058 | D        | Reached skill level 5 in Fighting
  2058 | D        | Reached skill level 8 in Dodging
  2058 | D        | Reached skill level 10 in Spellcasting
  2058 | D        | Reached skill level 10 in Hexes
  2336 | D        | Reached ****** piety under Dithmenos
  2410 | D        | Reached XP level 9. HP: 44/47 MP: 13/24
  2650 | D        | Reached skill level 9 in Dodging
  2667 | D        | Noticed a tyrant leech
  2667 | D        | Noticed a kobold demonologist
  2675 | D        | Killed a kobold demonologist
  3049 | D        | Killed a tyrant leech
  3373 | D        | Noticed a phantasmal warrior
  3373 | D        | Noticed a molten gargoyle
  3373 | D        | Noticed a phantasmal warrior
  3390 | D        | Killed a phantasmal warrior
  3391 | D        | Reached skill level 10 in Dodging
  3750 | D        | Killed a phantasmal warrior
  3766 | D        | Killed a molten gargoyle
  3767 | D        | Reached XP level 10. HP: 53/53 MP: 20/26
  3771 | D        | Noticed a deep elf pyromancer
  3775 | D        | Killed a deep elf pyromancer
  3790 | D        | Reached skill level 11 in Dodging
  4232 | D        | Noticed a cyclops
  4233 | D        | Noticed Grinder
  4234 | D        | Killed a cyclops
  4269 | D        | Killed Grinder
  4270 | D        | Reached skill level 12 in Dodging
  4664 | D        | Noticed a rakshasa
  4664 | D        | Noticed a nagaraja
  4666 | D        | Killed a rakshasa
  4667 | D        | Reached skill level 10 in Short Blades
  4667 | D        | Reached skill level 10 in Conjurations
  4669 | D        | Killed a nagaraja
  4670 | D        | Reached XP level 11. HP: 51/58 MP: 19/29
  4676 | D        | Learned a level 1 spell: Magic Dart
  4870 | D        | Noticed a spriggan rider
  4870 | D        | Noticed an orc knight
  5524 | D        | Reached skill level 13 in Dodging
  5672 | D        | Killed an orc knight
  6115 | D        | Got the +2 robe of Action {rN+ Dex+4}
  6815 | D        | Noticed a sun demon
  6817 | D        | Killed a sun demon
  6849 | D        | Noticed an orc knight
  6864 | D        | Killed an orc knight
  6865 | D        | Reached skill level 14 in Dodging
  7078 | D        | Noticed a flayed ghost
  7090 | D        | Killed a flayed ghost
  7096 | D        | Noticed an orc knight
  7099 | D        | Killed an orc knight
  7140 | D        | Learned a level 4 spell: Hailstorm
  7144 | D        | Learned a level 3 spell: Frozen Ramparts
  7271 | D        | Gained mutation: You are partially covered in iridescent
                  | scales. (AC +2) [a neqoxec]
  7273 | D        | Reached skill level 15 in Hexes
  7387 | D        | Noticed an orc knight
  7387 | D        | Noticed an orc knight
  7387 | D        | Noticed an orc knight
  7387 | D        | Noticed an orc knight
  7388 | D        | Noticed an orc knight
  7405 | D        | Killed an orc knight
  7406 | D        | Reached skill level 1 in Earth Magic
  7417 | D        | Killed an orc knight
  7418 | D        | Reached XP level 12. HP: 42/63 MP: 16/31
  7481 | D        | Noticed an orc warlord
  7483 | D        | Reached skill level 15 in Dodging
  7483 | D        | Reached skill level 15 in Spellcasting
  7529 | D        | Killed an orc warlord
  7575 | D        | Noticed a vault guard
  7577 | D        | Noticed a five-headed hydra
  7579 | D        | Noticed an orc warlord
  7603 | D        | Reached skill level 5 in Earth Magic
  7613 | D        | Killed a five-headed hydra
  7691 | D        | Noticed a deep elf blademaster
  7733 | D        | Killed a deep elf blademaster
  8216 | D        | Reached skill level 16 in Dodging
  8229 | D        | Noticed a vault guard
  8242 | D        | Killed a vault guard
  8340 | D        | Noticed a titan
  8380 | D        | Killed from afar by a titan

Illustrated notes

Levels and vault maps discovered:
D:        pitsprint [storerooms_1, entrance_room_1, metal_vault_1, armoury_1,
          mini_pit_1, grid_room_1, main_hall_1, silver_pit, the_coven_2,
          the_vestibule_1, steel_vault_1, golden_pit, hallway_of_sentries,
          crystal_vault_4, iron_vault_5, final_vault]

Skill      XL: |  1  2  3  4  5  6  7  8  9 10 11 12 |
---------------+-------------------------------------+-----
Stealth        | 6 10 12 13 14 15 | 15.2
Spellcasting   | 3 5 6 7 8 9 10 11 13 14 15 | 15.9
Hexes          | 4 6 7 8 9 10 11 13 15 | 15.0
Dodging        | 4 6 7 8 10 12 14 16 | 16.1
Conjurations   | 2 4 5 6 8 10 12 13 | 13.6
Fighting       | 1 3 4 5 6 7 |  7.0
Short Blades   | 2 4 5 6 8 10 12 13 | 13.6
Earth Magic    | 2 7 |  7.1

Action                   |  1- 3 |  4- 6 |  7- 9 | 10-12 || total
-------------------------+-------+-------+-------+-------++-------
Melee: Dagger            |    26 |    19 |    48 |   180 ||   273
       Punch             |       |       |       |     5 ||     5
 Cast: Ensorcelled Hiber |     8 |    20 |    26 |    70 ||   124
       Confusing Touch   |       |     1 |     3 |    16 ||    20
       Magic Dart        |       |       |       |    15 ||    15
       Hailstorm         |       |       |       |     1 ||     1
Invok: Shadow Step       |       |       |     3 |    12 ||    15
  Use: Potion            |     1 |       |     1 |    10 ||    12
 Stab: Sleeping          |     7 |    11 |    22 |    54 ||    94
       Confused          |       |     1 |     4 |    18 ||    23
       Distracted        |       |       |       |     1 ||     1
       Invisible         |       |       |       |     5 ||     5
Armor: Robe              |     3 |       |     1 |     3 ||     7
       Steam dragon scal |       |       |       |    16 ||    16
Dodge: Dodged            |    24 |     6 |    14 |   115 ||   159
